 Dungeon Crawl Stone Soup version 0.31-a0-117-g42d8f58691 (webtiles) character file.

Game seed: 7247361231371917711

50 TittyCrusher the Changer (level 3, -9/27 HPs)
             Began as a Demigod Transmuter on May 31, 2023.
             Killed by divine providence
             ... invoked by an orc priest
              (12 damage)
             ... on level 2 of the Dungeon.
             The game lasted 00:04:00 (1269 turns).

TittyCrusher the Changer (Demigod Transmuter)       Turns: 1269, Time: 00:04:01

Health: -9/27      AC:  2    Str: 11    XL:     3   Next: 35%
Magic:  6/8        EV: 19    Int: 15    God:
Gold:   48         SH:  0    Dex: 23    Spells: 0/6 levels left

rFire   . .          .
                       - Unarmed
rCold   . . .        (shield currently unavailable)
rNeg    . . .        a - melded +0 robe
rPois   x            (helmet currently unavailable)
rElec   .            (cloak currently unavailable)
rCorr   .            (gloves currently unavailable)
SInv    .            (boots currently unavailable)
Will    .....        (no amulet)
Stlth   ++           (no ring)
HPRegen 0.24/turn    (no ring)
MPRegen 0.11/turn

%: no passive effects
@: spider-form (expiring)
A: venomous fangs, tiny, high MP 1, forlorn, divine attributes
a: End Transformation


You were on level 2 of the Dungeon.
You were a venomous arachnid creature.
You visited 1 branch of the dungeon, and saw 2 of its levels.

You collected 69 gold pieces.
You spent 21 gold pieces at shops.

Inventory:

Missiles
 e - 6 poisoned darts
Armour
 a - a +0 robe (melded)
 c - a +0 ring mail
Scrolls
 d - a scroll of vulnerability {unknown}
Potions
 b - 3 potions of lignification
 f - a potion of enlightenment {unknown}


   Skills:
 - Level 0.8 Fighting
 - Level 1.7 Dodging
 - Level 2.6 Unarmed Combat
 - Level 2.1 Spellcasting
 - Level 3.3 Transmutations
 + Level 0.1 Poison Magic


You couldn't memorise any spells.
You knew the following spells:

 Your Spells              Type           Power      Damage    Failure   Level
a - Beastly Appendage     Tmut           22%        N/A       16%         1
b - Wereblood             Tmut           11%        N/A       22%         2
c - Spider Form           Tmut/Pois      6%         N/A       54%         3

Your spell library contained the following spells:

 Spells                   Type           Power      Damage    Failure   Level
 Sublimation of Blood     Necr           1%         N/A       54%         2
 Ice Form                 Ice/Tmut       6%         N/A       88%         4
 Summon Hydra             Summ           0%         N/A       100%        7


Dungeon Overview and Level Annotations

Branches:
Dungeon (2/15)

Shops:
D:2 *


Innate Abilities, Weirdness & Mutations

You are a venomous arachnid creature.
You have venomous fangs.
You are tiny and dextrous.
Your spellcasting is less reliable in this form.
Your armour is entirely melded.
You are incapable of wielding weapons or throwing items.
You have an increased reservoir of magic. (+10% MP)
You shall have no god before yourself.
Your divine heritage dramatically boosts your attributes as you level up.


Message History

No target in view!
Your transformation is almost over.
Casting: Beastly Appendage (safe; 5% risk of failure)
Confirm with . or Enter, or press ? or * to list all spells.
The spell is extremely dangerous to miscast (32% risk of failure)!
Continue anyway?
Your horns disappear.
Your talons disappear.
You turn into a venomous arachnid creature.
Your +0 robe melds into your body.
Unknown command.
Unknown command.
What are your orders? t - Hiss!
Orders for allies: a - Attack new target. r - Retreat! s - Stop attacking. g - Guard the area. f - Follow me.
Anything else - Cancel.
You hiss for attention!
The orc priest shouts!
Your transformation is almost over.
The orc priest calls down the wrath of Beogh upon you.
Pain shoots through your body! The orc priest closely misses you.
You hit the orc priest.
The orc priest is moderately wounded.
The orc priest invokes the aid of Beogh against you.
Beogh smites you!
Ouch! That really hurt!
* * * LOW HITPOINT WARNING * * *
You are too injured to fight recklessly!
You are too injured to fight recklessly!
Okay, then.
You hit the orc priest but do no damage.
The orc priest is poisoned.
The orc priest is moderately wounded.
The orc priest completely misses you.
You hit the orc priest.
The orc priest looks as sick as possible!
The orc priest is severely wounded.
The orc priest mumbles some strange prayers to Beogh against you.
Beogh smites you!
You die...

#...................#
######....#.#####.#.#
#.####.# #.#.# #.#
#.# #.#.# #.#
##.#####.#.# #.#
#........#.# ######.#
#..#######.##
###......###..#
##⌠.⌠#
......os......#
#..∩.#
###^########.##
#.⌠.⌠# #.# #.# #...##
#.# #.# ##.## #.# #.#
#.# #.####### #.# #.#
#)# ........# #.# #.#
#.# #######.####.#
#.# #.#
#######......########
#.#


You could see an orc priest (extremely poisoned).

Vanquished Creatures
  A dart slug (D:1)
  3 orcs (D:2)
  6 endoplasms
  3 giant cockroaches (D:1)
  3 goblins
  5 hobgoblins (D:1)
  2 jackals (D:1)
  A quokka (D:1)
  2 ball pythons (D:2)
  A bat (D:1)
  8 frilled lizards
  4 kobolds
  2 rats
41 creatures vanquished.

Notes
Turn   | Place    | Note
-------+----------+-------------------------------------------
     0 | D:1      | TittyCrusher the Demigod Transmuter began the quest for the
                  | Orb.
     0 | D:1      | Reached XP level 1. HP: 15/15 MP: 5/5
    86 | D:1      | Reached skill level 2 in Transmutations
   241 | D:1      | Reached XP level 2. HP: 22/22 MP: 5/7
   244 | D:1      | Learned a level 2 spell: Wereblood
   461 | D:1      | Reached skill level 3 in Transmutations
   708 | D:1      | Reached XP level 3. HP: 27/27 MP: 6/8
  1069 | D:2      | Found Qaurch's Assorted Antiques.
  1077 | D:2      | Bought a fizzy ruby potion for 21 gold pieces
  1219 | D:2      | Learned a level 3 spell: Spider Form
  1269 | D:2      | Killed from afar by an orc priest

Illustrated notes

Levels and vault maps discovered:
D:1:      psy_arrival_spokes, layout_loops_ring, basic_ecumenical_altar,
          ebering_dispersal_statue_hall
D:2:      layout_loops_ring, serial_shops, nicolae_shop_tiny_statue_garden,
          nicolae_shop_waterfront, shop_statue, shop_fountains,
          minmay_surrounded

Skill      XL: |  1  2  3 |
---------------+----------+-----
Transmutations | 2 3 |  3.3
Spellcasting   | 2 |  2.1
Fighting       | |  0.8
Dodging        | |  1.7
Unarmed Combat | |  2.6
Poison Magic   | |  0.1

Action                     || total
---------------------------++-------
  Melee: Unarmed           ||   116
         Kick              ||    20
         Headbutt          ||     9
         Punch             ||     2
   Cast: Beastly Appendage ||    27
         Wereblood         ||     1
         Spider Form       ||     1
   Stab: Sleeping          ||     1
 Armour: Robe              ||    14
  Dodge: Dodged            ||    52

Table legend: (Time is in decaauts)
 A = Elapsed time spent in this place.
 B = Non-inter-level travel time spent in this place.
 C = Inter-level travel time spent in this place.
 D = Time resting spent in this place.
 E = Time spent auto-exploring this place.
 F = Levels seen in this place.
 G = Mean time per level.
                   A        B        C        D        E       F      G
               +--------+--------+--------+--------+--------+-----+--------+
         Total |   1263 |   1263 |      0 |     90 |    741 |   2 |  631.5 |
       Dungeon |   1263 |   1263 |      0 |     90 |    741 |   2 |  631.5 |
               +--------+--------+--------+--------+--------+-----+--------+

Top non-repeatable levels by time:
     D:1: 994 daAuts
     D:2: 268 daAuts
